[Event "*** Titled Tuesday Blitz"]
[Site "Chess.com"]
[Date "2019.08.06"]
[Round "8"]
[White "IakovUlivar"]
[Black "NoGalloNoParty"]
[Result "1-0"]
[WhiteElo "2527"]
[BlackElo "2309"]
[TimeControl "180+2"]
[EndTime "14:55:56 PDT"]
[Termination "IakovUlivar won on time"]

1. e4 c5 2. Nf3 d6 3. Bb5+ Bd7 4. Bxd7+ Qxd7 5. O-O Nc6 6. Qe2 Rc8 7. Rd1 g6 8. c3 Bg7 9. d4 cxd4 10. cxd4 Nf6 11. Nc3 O-O 12. e5 Ne8 13. Bf4 d5 14. Rac1 Nc7 15. Be3 Ne6 16. h4 a6 17. g3 b5 18. Kg2 h5 19. Qd3 Rc7 20. Ne2 Rfc8 21. Qd2 Ncd8 22. Rxc7 Rxc7 23. Rc1 Rxc1 24. Qxc1 Qc6 25.
Qd2 Nb7 26. Ne1 f6 27. f4 fxe5 28. fxe5 Bxe5 29. dxe5 d4+ 30. Nf3 dxe3 31. Qxe3 Qc2 32. Kh3 Qf5+ 33. Kg2 Nbc5 34. Ned4 Nxd4 35. Nxd4 Qe4+ 36.
Qxe4 Nxe4 37. Nc6 Kf7 38. Nd8+ Kg7 39. Nc6 Nc5 40. Kf3 Kf7 41. Ke3 Ke6 42. Kd4 Nd7 43.
b3 Kf5 44. Nxe7+ Kg4 45. Nxg6 Kxg3 46. e6 Nf6 47. Ke5 Ng4+ 48. Kf5 Ne3+ 49. Kg5 Nd5 50. e7 Nc7 51. Nf8 1-0

[Event "*** Titled Tuesday Blitz"]
[Site "Chess.com"]
[Date "2019.08.06"]
[Round "8"]
[White "Jbd735"]
[Black "AndrewMaco"]
[Result "1-0"]
[WhiteElo "2485"]
[BlackElo "2604"]
[TimeControl "180+2"]
[EndTime "14:56:05 PDT"]
[Termination "Jbd735 won by resignation"]

1. e4 c5 2. Nf3 d6 3. d3 Nc6 4.
g3 g6 5. Bg2 Bg7 6. O-O e5 7.
c3 Nge7 8. a4 O-O 9. Na3 h6 10.
Nc4 Be6 11. Re1 Qd7 12. a5 Rab8 13. Qa4 Qc7 14. Nfd2 Rfd8 15. Qb5 Kh7 16. Nf1 a6 17.
Qb6 Qxb6 18. Nxb6 f5 19. Ne3 f4 20. Ned5 g5 21. Nc7 Bf7 22. Bh3 Kg6 23. Be6 h5 24. h3 Kf6 25. Bxf7 Kxf7 26. g4 Ng6 27. f3 Rh8 28.
Re2 hxg4 29. hxg4 Rh3 30. Rf2 Rbh8 31. Kf1 Rh1+ 32. Ke2 R8h3 33. Nc4 Ke7 34. Nd5+ Ke6 35. b3 Bf8 36. Bb2 R1h2 37. Rf1 Nh4 38. Rxh2 Rxh2+ 39. Rf2 Rh1 40. Nd2 Nxa5 41. Nc7+ Kd7 42. Nd5 Nc6 43. Nc4 b5 44. Nd2 Be7 45. Rf1 Rh2+ 46.
Rf2 Rxf2+ 47. Kxf2 Bd8 48. Ke2 Ne7 49. Nxe7 Kxe7 50.
c4 Ba5 51. Nb1 Kd7 52. Bc3 Bxc3 53. Nxc3 Kc6 54. Nd5 a5 55. Nf6 Ng6 56. Nh7 b4 57. Nxg5 Nh4 58. Kd2 Kd7 59. Ke2 Ke7 60. Nh3 a4 61.
bxa4 b3 62. Kd2 Nxf3+ 63. Kc3 Ne1 64. Nf2 Nc2 65. Kxb3 Nb4 66. a5 Kf6 67. Ka4 Kg5 68.
Kb5 f3 69. a6 Nxa6 70. Kxa6 Kf4 71. Kb5 Kg3 72. Nd1 Kxg4 73. Kc6 Kg3 74. Kxd6 Kg2 75.
Kxe5 Kf1 76. Kf4 Ke2 77. Ne3 f2 78. e5 Kxd3 79. e6 1-0

[Event "*** Titled Tuesday Blitz"]
[Site "Chess.com"]
[Date "2019.08.06"]
[Round "8"]
[White "twitchTriniCupid"]
[Black "Hanging_pointer"]
[Result "0-1"]
[WhiteElo "2305"]
[BlackElo "2487"]
[TimeControl "180+2"]
[EndTime "14:56:10 PDT"]
[Termination "Hanging_pointer won by resignation"]

1. d4 Nf6 2. Nf3 d5 3. g3 e6 4. Bg2 Be7 5. O-O O-O 6. c4 dxc4 7. Qa4 a6 8. Qxc4 b5 9. Qc2 Bb7 10. Nc3 Nbd7 11. Bg5 c5 12. dxc5 Bxc5 13. Rad1 Qc7 14.
Nd4 Bxg2 15. Kxg2 Rac8 16. Qb3 Qa7 17. Bxf6 Nxf6 18. e3 Rfd8 19. Nf3 Qb7 20. Rxd8+ Rxd8 21.
Rd1 Rc8 22. Rd3 Ng4 23. Qd1 Ne5 24. Rd8+ Rxd8 25. Qxd8+ Bf8 26. e4 Nxf3 27. Kxf3 f5 28. Qd4 Qc6 29. b4 h6 30. Ke3 Kh7 31. a3 Qc7 32.
exf5 exf5 33. Qd3 Qc8 34. Nd5 Qe6+ 35. Kf3 Bd6 36. Ne3 g6 37. h4 h5 38. Nd5 Qf7 39.
Nb6 Be5 40. Nd5 Bb2 41. Nf4 Bg7 42. Qd6 Bf6 43. Qxa6 Qe7 44. Qe6 Qb7+ 45. Qd5 Qe7 46. Kg2 Kg7 47. Qxb5 Be5 48. Qd5 Bxf4 49. gxf4 Qxh4 50.
Qe5+ Kh7 51. f3 Qd8 52. Qe3 Qd1 53. Qc3 h4 54. b5 Qe2+ 55. Kg1 h3 56. Qc7+ Kh6 0-1

[Event "*** Titled Tuesday Blitz"]
[Site "Chess.com"]
[Date "2019.08.06"]
[Round "8"]
[White "santosalberto1987"]
[Black "TijanaBlagojevic"]
[Result "1/2-1/2"]
[WhiteElo "2450"]
[BlackElo "2296"]
[TimeControl "180+2"]
[EndTime "14:56:10 PDT"]
[Termination "Game drawn by repetition"]

1. e4 c5 2. Nf3 d6 3. Bb5+ Nd7 4. O-O Nf6 5. Re1 a6 6. Bf1 e5 7. c3 Be7 8. d4 O-O 9. a4 b6 10. Nbd2 Bb7 11. Bd3 cxd4 12. cxd4 exd4 13. Nxd4 Nc5 14. Bc2 Re8 15. b4 Ne6 16. Nxe6 fxe6 17. Bb3 d5 18. e5 Nd7 19. Qg4 Nf8 20. Nf3 Rc8 21.
h4 Rc3 22. Rb1 Kh8 23. Bd2 Rc8 24. Rbc1 Qd7 25. Nd4 Rxc1 26. Rxc1 Rc8 27. Rxc8 Qxc8 28. h5 h6 29. Qf3 Kg8 30. Qg4 Kh7 31. Bc2+ Kh8 32. Qf3 Kg8 33. Bd3 Bg5 34. Bxg5 hxg5 35. Qg4 Qc1+ 36. Kh2 Qf4+ 37. Qxf4 gxf4 38. Kh3 Nd7 39.
Nxe6 Nxe5 40. Nxf4 Kf7 41. Kg3 d4 42. Be2 a5 43. bxa5 bxa5 44. Nd3 Kf6 45. f4 Nxd3 46. Bxd3 Bc6 47. Bc2 d3 48. Bxd3 Bxa4 49. Kf2 Be8 50. g4 a4 51. Ke3 a3 52. Bb1 Bf7 53. g5+ Ke7 54. h6 gxh6 55. gxh6 Kf8 56. Kd4 Bg6 57. Ba2 Bf7 58. Bb1 Bg6 59. Ba2 Bf7 60. Bb1 1/2-1/2

[Event "*** Titled Tuesday Blitz"]
[Site "Chess.com"]
[Date "2019.08.06"]
[Round "8"]
[White "AntonSmirnov"]
[Black "Konavets"]
[Result "1-0"]
[WhiteElo "2893"]
[BlackElo "2985"]
[TimeControl "180+2"]
[EndTime "14:56:12 PDT"]
[Termination "AntonSmirnov won by resignation"]

1. e4 c6 2. d4 d5 3. Nc3 g6 4. e5 Bg7 5. f4 f6 6. Nf3 Nh6 7. Be3 O-O 8. Qd2 Bg4 9. Be2 Nf5 10.
Bf2 fxe5 11. fxe5 Nd7 12. h3 Bxf3 13. Bxf3 Qb6 14. O-O e6 15. Ne2 Rac8 16. c3 Qd8 17. Bg4 Bh6 18. Qd3 Qg5 19. Rad1 Rf7 20. Be1 Qe3+ 21. Bf2 Qg5 22. Be1 Qe3+ 23. Bf2 Qxd3 24. Rxd3 Rcf8 25. Rfd1 Kg7 26. Rf3 Nb6 27. b3 Na8 28. Nf4 Nc7 29. Nd3 Bg5 30. c4 Be7 31. Bxf5 Rxf5 32. Rxf5 Rxf5 33. g4 Rf8 34. Be3 g5 35. Kg2 Rd8 36. c5 Rb8 37. Rc1 b6 38. cxb6 Rxb6 39. Rc2 h6 40. Nb2 Nb5 41. Na4 Ra6 42.
Kf3 Kf7 43. Ke2 Ke8 44. Kd3 Kd7 45. Bd2 Nc7 46. Rc1 Na8 47. Rc2 Ke8 48. Nc5 Rb6 49. Nxe6 Kd7 50. Ng7 Bf8 51. Nf5 Nc7 52. Ba5 Rb7 53.
Bxc7 Rxc7 54. Ne3 Ke6 55. Rf2 Be7 56. Nf5 Bf8 57. Ng3 Bg7 58. Nh5 Bh8 59. Rf8 Rh7 60. Rg8 c5 61. Rg6+ Kf7 62. Rc6 Ke8 63. Rxc5 Kd7 64. Rxd5+ Kc6 65. Rd8 Rf7 66. Rxh8 1-0

[Event "*** Titled Tuesday Blitz"]
[Site "Chess.com"]
[Date "2019.08.06"]
[Round "8"]
[White "Pechen_Yeltsina"]
[Black "Rhemmy"]
[Result "1-0"]
[WhiteElo "2657"]
[BlackElo "2504"]
[TimeControl "180+2"]
[EndTime "14:56:12 PDT"]
[Termination "Pechen_Yeltsina won by resignation"]

1. e4 e5 2. Nc3 Nf6 3. Bc4 Nc6 4. d3 Na5 5. Nge2 Be7 6. O-O O-O 7. Bb3 Nxb3 8. axb3 d5 9. exd5 Nxd5 10. Nxd5 Qxd5 11.
d4 exd4 12. Qxd4 Qxd4 13. Nxd4 c6 14. Be3 Bf6 15. c3 Bd7 16. Rfd1 Rfd8 17. b4 a6 18. Nb3 Bg4 19. f3 Bc8 20. Bb6 Re8 21. Re1 Be7 22.
Rad1 Kf8 23. Na5 f6 24. Bc5 Kf7 25. Bxe7 Rxe7 26. Rxe7+ Kxe7 27. Kf2 Rb8 28. Ke3 Bd7 29. Rd4 b6 30. Nc4 Be6 31. Nd2 Rd8 32. Rxd8 Kxd8 33. Kd4 Kd7 34. c4 Bf5 35. c5 b5 36. Nf1 Ke6 37.
Ng3 g5 38. Ne2 h5 39. g3 Bg6 40. f4 Bf5 41. fxg5 fxg5 42. h4 gxh4 43. gxh4 Bg4 44. Ng3 Bf3 45. Ke3 Bg4 46. Ke4 Kf6 47. Nf1 Bf5+ 48.
Kf4 Ke6 49. Ne3 Bg6 50. Kg5 Be8 51. Kf4 Kf6 52. Nf5 Bf7 53. Nd6 Be6 54. Ne8+ Kf7 55. Nd6+ Kf6 56. Ne4+ Kg6 57. Ke5 Bd5 58. Ng3 Bf3 59. Nf5 Bg4 60. Nd4 Kf7 61. Kd6 Bf3 62.
Nxf3 1-0

[Event "*** Titled Tuesday Blitz"]
[Site "Chess.com"]
[Date "2019.08.06"]
[Round "8"]
[White "nitpicker"]
[Black "LarissaSteenbekkers"]
[Result "1-0"]
[WhiteElo "2233"]
[BlackElo "1812"]
[TimeControl "180+2"]
[EndTime "14:56:12 PDT"]
[Termination "nitpicker won by resignation"]

1. d4 Nf6 2. Bg5 e6 3. Nf3 d5 4.
e3 Be7 5. Nbd2 O-O 6. Bd3 b6 7.
Qe2 Bb7 8. c3 Nbd7 9. O-O Ne4 10. Bf4 f5 11. Ne5 Nxe5 12. Bxe5 Bd6 13. Bxd6 Qxd6 14.
f3 Nxd2 15. Qxd2 e5 16. Bc2 Rae8 17. f4 e4 18. Kh1 Kh8 19. Rg1 c5 20. g4 g6 21. Rg3 Bc8 22. Bd1 fxg4 23. Bxg4 Bxg4 24. Rxg4 Rf5 25. Rag1 c4 26. Rg5 Ref8 27. Qf2 Qe6 28. Qh4 Rxg5 29. Rxg5 Rf5 30. Rg3 Rh5 31. Qd8+ Kg7 32.
Qc7+ Qf7 33. Qd6 Rf5 34. a4 h6 35. Kg2 Kh7 36. h4 h5 37. Qd8 Qf6 38. Qxf6 Rxf6 39. Kf2 b5 40. Rg5 bxa4 41. Rxd5 Rb6 42. Ra5 Rxb2+ 43.
Kg3 Re2 44. Rxa7+ Kh6 45. f5 Rxe3+ 46. Kf4 Rf3+ 47. Kxe4 Rxf5 48. Rxa4 Rf8 49. Rxc4 g5 50.
Rc6+ Kg7 51. hxg5 h4 52. Rh6 Rc8 53. Kd3 Rf8 54. Rxh4 Rf5 55. Rg4 Kg6 56. Ke4 Rf1 57.
c4 Re1+ 58. Kd5 Kf5 59. Rg2 1-0

[Event "*** Titled Tuesday Blitz"]
[Site "Chess.com"]
[Date "2019.08.06"]
[Round "8"]
[White "Quiet_Desperation"]
[Black "rekosheten"]
[Result "1-0"]
[WhiteElo "2492"]
[BlackElo "2361"]
[TimeControl "180+2"]
[EndTime "14:56:20 PDT"]
[Termination "Quiet_Desperation won by checkmate"]

1. e4 c6 2. d4 d5 3. e5 Bf5 4.
Nf3 e6 5. Be2 Nd7 6. O-O Ne7 7.
Nbd2 Ng6 8. Nb3 f6 9. Re1 fxe5 10. dxe5 c5 11. h3 Be7 12. c4 d4 13. Bf1 Nh4 14. Nxh4 Bxh4 15. Qh5+ Bg6 16. Qg4 O-O 17. g3 Be7 18.
Qxe6+ Kh8 19. Bf4 Nb6 20. Qg4 Bf5 21. Qd1 Qd7 22. Kh2 Qe6 23. Nd2 g5 24. g4 Bxg4 25.
Qxg4 Qxg4 26. hxg4 Rxf4 27. f3 h5 28. Bh3 Kg7 29.
b3 Rh8 30. Kg2 hxg4 31. Bxg4 Kg6 32. a3 Rh4 33. Rh1 Rf8 34. Rxh4 gxh4 35. Re1 Bg5 36. Ne4 Be3 37. Nxc5 Re8 38. e6 Nc8 39. Nxb7 Ne7 40.
Nd6 Rb8 41. b4 a5 42. Rb1 d3 43. f4 Bxf4 44. Nb5 axb4 45. axb4 Nf5 46. Bxf5+ Kxf5 47. Kf3 Bg5 48. Nd4+ Ke5 49. Nc6+ Kxe6 50. Nxb8 h3 51. Rh1 d2 52. Ke2 Bf4 53. Rxh3 Bxb8 54. Kxd2 Bd6 55. c5 Be5 56. Kd3 Kd5 57. Rh4 Kc6 58.
Kc4 Bg3 59. b5+ Kb7 60. Rh7+ Ka8 61. b6 Be5 62. Kb5 Bf4 63. c6 Bg3 64. Ka6 Bc7 65.
Rh8+ Bb8 66. b7# 1-0

[Event "*** Titled Tuesday Blitz"]
[Site "Chess.com"]
[Date "2019.08.06"]
[Round "8"]
[White "Sveta10"]
[Black "Samantha_Ross"]
[Result "1/2-1/2"]
[WhiteElo "2068"]
[BlackElo "2095"]
[TimeControl "180+2"]
[EndTime "14:56:38 PDT"]
[Termination "Game drawn - insufficient material"]

1. e4 c5 2. Nf3 d6 3. d4 cxd4 4.
Nxd4 Nf6 5. Nc3 g6 6. Be3 Bg7 7. f3 O-O 8. Qd2 Nc6 9. g4 Be6 10. Nxe6 fxe6 11. Bc4 Qc8 12. Bb3 Ne5 13. Rf1 Nc4 14.
Bxc4 Qxc4 15. O-O-O Nd7 16. f4 Nc5 17. Bd4 Bxd4 18. Qxd4 Qxd4 19. Rxd4 e5 20. Rdd1 exf4 21. Nd5 e5 22. Nc3 Rad8 23. Kd2 b5 24. a3 a5 25.
Nxb5 Nxe4+ 26. Ke2 d5 27. Nc3 Nxc3+ 28. bxc3 g5 29.
Rb1 Rb8 30. Rbd1 Rfd8 31. Rd2 Rbc8 32. Rfd1 Rxc3 33. Rxd5 Rxc2+ 34. Kf3 Rc3+ 35. Ke4 Re3+ 36. Kf5 Rxd5 37. Rxd5 Kf7 38. Rd7+ Ke8 39. Ke6 f3 40. Rxh7 Kd8 41. Kd6 Kc8 42. Kc6 Rc3+ 43. Kd5 e4 44. Kxe4 f2 45. Rf7 Rc2 46. Ke3 f1=Q 47. Rxf1 Rxh2 48. Rf5 Rh3+ 49. Kd4 Rxa3 50. Rxg5 Kb7 51. Kc4 Kc6 52. Rg6+ Kd7 53. Kb5 Ra1 54. Ra6 Rg1 55.
Rxa5 Rxg4 56. Ra7+ Kd6 57. Kb6 Rb4+ 58. Ka5 Rb1 59.
Rh7 Kc5 60. Rh5+ Kc6 61. Rh6+ Kc7 62. Rh7+ Kb8 63. Rh8+ Kb7 64. Rh7+ Kc8 65. Rh8+ Kd7 66. Rh7+ Ke6 67. Rh6+ Kf7 68. Rb6 Ra1+ 69. Kb5 Ke7 70. Kc6 Rc1+ 71. Kb7 Kd7 72. Rb3 Rc7+ 73. Kb6 Rc8 74.
Rd3+ Ke6 75. Kb7 Rc1 76. Re3+ Kd5 77. Rd3+ Kc5 78. Rd8 Kb5 79. Rd5+ Rc5 80. Rxc5+ Kxc5 1/2-1/2

[Event "*** Titled Tuesday Blitz"]
[Site "Chess.com"]
[Date "2019.08.06"]
[Round "8"]
[White "doons21"]
[Black "NMZanette"]
[Result "1-0"]
[WhiteElo "2579"]
[BlackElo "2323"]
[TimeControl "180+2"]
[EndTime "14:56:40 PDT"]
[Termination "doons21 won by checkmate"]

1. e4 e5 2. Nf3 Nc6 3. Nc3 Nf6 4. g3 d5 5. exd5 Nxd5 6. Bg2 Nxc3 7. bxc3 Bd6 8. O-O O-O 9. Re1 Re8 10. Rb1 Rb8 11.
d4 exd4 12. Rxe8+ Qxe8 13. cxd4 Be6 14. d5 Rd8 15. dxe6 Qxe6 16. Qe1 Qxa2 17. Be3 b6 18. h4 h6 19. Ra1 Qe6 20. c3 a5 21.
Nd4 Nxd4 22. cxd4 Bb4 23. Qc1 Qd7 24. Bc6 Qe7 25. Kg2 Bd6 26. Qc4 Qf6 27. Rd1 Qf5 28. d5 g5 29. hxg5 hxg5 30. f3 Qe5 31. Bf2 Rb8 32. Re1 Qb2 33. Qg4 Qg7 34. Bd4 Qg6 35. Rh1 Qc2+ 36. Kh3 Qh7+ 37. Kg2 Qc2+ 38. Bf2 Qg6 39.
Bd7 a4 40. Bf5 Qg7 41. Rh7 Qf6 42. Bd4 Be5 43. Bxe5 Qxe5 44. Qxg5+ Kf8 45. Qh6+ Ke7 46. Be6 Qe2+ 47. Kh3 Qf1+ 48. Kh4 Qc4+ 49. Kh5 Rf8 50. Qg5+ Kd6 51. Bxf7 Qd3 52. Qf4+ Kc5 53. Rg7 a3 54.
Qxc7+ Kb5 55. Qc6+ Ka5 56. Bg6 Rh8+ 57. Kg5 Qe3+ 58.
Kg4 Qe5 59. Ra7+ Kb4 60. Ra4+ Kb3 61. Qc4+ Kb2 62. Qc2+ Ka1 63. Rxa3# 1-0

[Event "*** Titled Tuesday Blitz"]
[Site "Chess.com"]
[Date "2019.08.06"]
[Round "8"]
[White "VladDobrov"]
[Black "iturrizaga"]
[Result "1-0"]
[WhiteElo "2960"]
[BlackElo "2942"]
[TimeControl "180+2"]
[EndTime "14:56:44 PDT"]
[Termination "VladDobrov won by resignation"]

1. d4 Nf6 2. c4 b6 3. Nf3 Bb7 4. Nc3 e6 5. a3 d5 6. Bg5 Be7 7. Qa4+ Bc6 8. Qc2 O-O 9. e3 a6 10. Rd1 Bb7 11. Bd3 dxc4 12. Bxc4 Nbd7 13. O-O Bxf3 14.
gxf3 Nh5 15. Bxe7 Qxe7 16. Be2 Nhf6 17. f4 c5 18. d5 exd5 19. Nxd5 Nxd5 20. Rxd5 Nf6 21.
Rdd1 b5 22. Bf3 Rac8 23. Rd2 c4 24. Rfd1 Rfd8 25. Kg2 h6 26. Qf5 Re8 27. Rd6 c3 28.
bxc3 Rxc3 29. Rxa6 Rxa3 30. Rxa3 Qxa3 31. Qxb5 Qe7 32.
Rd4 Rd8 33. Qe5 Qf8 34. Ra4 Re8 35. Qa1 Qc5 36. Ra5 Qc2 37. Ra2 Qg6+ 38. Kh1 Ne4 39. h3 Qe6 40. Bg2 Qc8 41. Kh2 Nf6 42. Ra8 Qe6 43. Ra6 Qe7 44. Ra7 Qe6 45. Qd4 Rf8 46. Qe5 Qb6 47. Rb7 Qa6 48. Bf3 Qf1 49. Qb2 h5 50.
Bg2 Qa6 51. Bf3 Qf1 52. Qe2 Qc1 53. Bxh5 Nxh5 54. Qxh5 Qc6 55. Rb2 Ra8 56. Qd1 Qf6 57. Rd2 g6 58. Rd6 Qh4 59. Kg2 Ra2 60. Rd2 Ra8 61.
Qg4 Qf6 62. Qg5 Qc6+ 63. Qd5 Qc8 64. f5 gxf5 65. Kh2 Qc7+ 66. f4 Qa5 67. Rg2+ Kf8 68.
Qd6+ 1-0

[Event "*** Titled Tuesday Blitz"]
[Site "Chess.com"]
[Date "2019.08.06"]
[Round "8"]
[White "Durarbayli"]
[Black "SaraciNderim"]
[Result "1-0"]
[WhiteElo "2816"]
[BlackElo "2826"]
[TimeControl "180+2"]
[EndTime "14:56:48 PDT"]
[Termination "Durarbayli won on time"]

1. e4 e5 2. Nf3 Nc6 3. Bb5 Nf6 4. d3 Bc5 5. Bxc6 dxc6 6. Nbd2 O-O 7. Nc4 Nd7 8. Qe2 Qe7 9. Bd2 f6 10. g4 Nb6 11.
Ne3 Bxe3 12. Qxe3 Bxg4 13. Nh4 f5 14. Qg3 Qf7 15. h3 Bh5 16. Nxf5 Bg6 17. Nh4 Bh5 18. Rg1 Kh8 19. Nf5 Bg6 20. Ne3 c5 21. O-O-O Qxa2 22. Bc3 Nd7 23. b3 Qa6 24. h4 Qf6 25. Ng4 Qf4+ 26. Qxf4 exf4 27. Ne5 Nxe5 28. Bxe5 Rae8 29.
Bxc7 Bh5 30. Rde1 Rf7 31. Bd6 b6 32. Rg5 g6 33. Rd5 Kg8 34. Be5 Bg4 35. Bc3 Be6 36.
Rg5 Rd7 37. h5 Bf7 38. Rh1 a5 39. Rh4 f3 40. Rf4 a4 41. bxa4 c4 42. Rxf3 cxd3 43. cxd3 Rc8 44. Kd2 Rdc7 45. Be5 Rc2+ 46. Ke3 Ra2 47.
hxg6 Bxg6 48. Rf6 Rcc2 49. f4 Re2+ 50. Kd4 Rxa4+ 51. Kd5 Rd2 52. d4 Ra5+ 53. Ke6 Ra6 54.
Rgxg6+ hxg6 55. Rxg6+ Kh7 56. Rg1 b5+ 57. Kf5 Rc2 58.
d5 b4 59. Rg7+ Kh6 60. Rb7 Rh2 61. Bf6 1-0

[Event "*** Titled Tuesday Blitz"]
[Site "Chess.com"]
[Date "2019.08.06"]
[Round "8"]
[White "mishanick"]
[Black "HomayoonTofighi"]
[Result "0-1"]
[WhiteElo "2991"]
[BlackElo "2874"]
[TimeControl "180+2"]
[EndTime "14:56:52 PDT"]
[Termination "HomayoonTofighi won by resignation"]

1. d4 Nf6 2. c4 e6 3. Nf3 Bb4+ 4.
Bd2 Bxd2+ 5. Qxd2 b6 6. Nc3 Bb7 7. d5 O-O 8. e4 exd5 9. exd5 c6 10. Be2 cxd5 11. cxd5 Na6 12. O-O Nc5 13. Rfe1 Nce4 14. Nxe4 Nxe4 15. Qd4 Nf6 16. d6 Rc8 17. Ne5 Rc5 18.
Bc4 Qa8 19. b4 Rxc4 20. Nxc4 Bxg2 21. Re3 Bh1 22. f3 Bxf3 23. Rf1 Bh5 24. Ne5 Qd8 25. Rg3 Bg6 26. h4 Re8 27. Rg5 Qc8 28. Rg2 Nh5 29. Qd5 Re6 30. Nxg6 hxg6 31. b5 Nf6 32. Qd4 Qe8 33. Rc1 Kh7 34. Qc3 Rxd6 35. Re1 Re6 36. Rxe6 dxe6 37. a4 Qd7 38. Qc4 e5 39. Re2 e4 40.
Kf2 Qf5+ 41. Ke1 Qd7 42. Rd2 Qe7 43. Rc2 Nh5 44. Rh2 Qe5 45. Re2 Ng3 46. Rc2 f5 47. Qb3 e3 48. Rc8 Qa1+ 49. Qd1 Qb2 50. Qc2 Qa1+ 51.
Qd1 Qa2 52. Qc2 Qd5 53. Qh2 f4 54. h5 gxh5 55. Qc2+ Nf5 56. Qh2 Ng3 57. Qc2+ Nf5 58. Qh2 Nd4 59. Qxf4 Qh1+ 60. Qf1 Qh4+ 61. Kd1 e2+ 62.
Qxe2 Nxe2 63. Kxe2 Qg4+ 64. Ke3 Qxc8 0-1

[Event "*** Titled Tuesday Blitz"]
[Site "Chess.com"]
[Date "2019.08.06"]
[Round "8"]
[White "K_A_S_T_O_R"]
[Black "Genghis_K"]
[Result "0-1"]
[WhiteElo "2792"]
[BlackElo "2884"]
[TimeControl "180+2"]
[EndTime "14:56:56 PDT"]
[Termination "Genghis_K won by resignation"]

1. e4 c5 2. Nf3 Nc6 3. d4 cxd4 4. Nxd4 Nf6 5. Nc3 e5 6. Ndb5 d6 7. Bg5 a6 8. Na3 b5 9. Nd5 Be7 10. Bxf6 Bxf6 11. c3 Bg5 12. Nc2 Rb8 13. Be2 O-O 14. O-O a5 15. Qd3 Kh8 16. Rad1 Be6 17. b3 g6 18. Bf3 f5 19. Nde3 f4 20. Qxd6 fxe3 21. Qxc6 exf2+ 22. Rxf2 Qc8 23. Rd6 Bg8 24. Rf1 Qxc6 25. Rxc6 Rfc8 26. Rxc8 Rxc8 27. Na3 Rxc3 28. Nxb5 Be3+ 29. Kh1 Rc2 30. Rb1 Rxa2 31. h4 Bf4 32. h5 Bxb3 33. hxg6 hxg6 34. Nc3 Ra3 35. g3 Bc2 36. Rb8+ Kg7 37. Rb7+ Kh6 38. Rc7 Bxg3 39.
Kg2 Bf4 40. Nd5 Ra2 41. Kg1 Bd3 42. Rc3 Rd2 43. Ra3 Bh2+ 44. Kh1 Bg3 45. Rxa5 Rf2 46. Bg2 Re2 47. Bf3 Bxe4 48. Bxe4 Rxe4 49. Kg2 Bh4 50. Kf3 Rc4 51. Ne3 Rf4+ 52. Kg2 Bf6 53. Nd5 Rg4+ 54. Kf3 Kg5 55. Nc3 Rf4+ 56. Ke3 Kf5 57.
Nd5 Rh4 58. Ra6 Bg5+ 59. Kf3 Rh3+ 60. Kg2 Rd3 61. Nb4 Rd2+ 62. Kf1 e4 63. Ra5+ Kg4 64. Ke1 e3 65. Nd5 Bh4+ 66. Kf1 e2+ 0-1

[Event "*** Titled Tuesday Blitz"]
[Site "Chess.com"]
[Date "2019.08.06"]
[Round "8"]
[White "JonahWillow"]
[Black "TregubovP"]
[Result "0-1"]
[WhiteElo "2626"]
[BlackElo "2528"]
[TimeControl "180+2"]
[EndTime "14:57:02 PDT"]
[Termination "TregubovP won by resignation"]

1. e4 e6 2. d4 d5 3. Nd2 c5 4. Ngf3 Nc6 5. exd5 exd5 6. Bb5 Qe7+ 7. Be2 Qc7 8. O-O Nf6 9. Re1 cxd4 10. Nb3 Bb4 11. Bd2 Bxd2 12. Qxd2 O-O 13. Nfxd4 Bd7 14. Nc5 Ne4 15. Nxe4 dxe4 16. Nb5 Qd8 17. Rad1 Be6 18.
Qf4 Qb6 19. Qxe4 a6 20. Nd6 Qxb2 21. Rb1 Qd4 22. Qxd4 Nxd4 23. Rxb7 Rfd8 24. Rb6 Nxc2 25. Rc1 Nd4 26. Bf1 Bxa2 27. Ra1 Be6 28. Raxa6 Rxa6 29. Rxa6 h6 30. h3 Rb8 31. Kh2 Rb2 32. Bd3 g6 33.
Kg3 Kf8 34. f3 Ke7 35. Ne4 Nf5+ 36. Kf4 Rxg2 37. Ra7+ Kf8 38. Ke5 Kg7 39. Nf6 Rg1 40. Ra8 Re1+ 41. Be4 Ne7 42. Ne8+ Kf8 43. Nc7+ Bc8 44.
Kf6 Rc1 45. Nb5 Ng8+ 46. Ke5 Kg7 47. Nd6 Bd7 48. Rd8 Nf6 49. Ra8 Be6 50. Ra7 Rc5+ 51.
Kd4 Rh5 52. Re7 Nxe4 53. fxe4 Kf6 54. Ra7 Rxh3 55. Ne8+ Kg5 56. Ra5+ Kf4 57. Ra1 Rf3 58. Ng7 Bg4 59. Ra7 Kg3 60. Ne8 h5 61. Nd6 Be6 62. Ke5 h4 63. Ra1 h3 64. Nb5 h2 65.
Nd4 Rf2 66. Ra8 h1=Q 0-1

[Event "*** Titled Tuesday Blitz"]
[Site "Chess.com"]
[Date "2019.08.06"]
[Round "8"]
[White "yoolund"]
[Black "Ravan_02"]
[Result "1/2-1/2"]
[WhiteElo "2648"]
[BlackElo "2609"]
[TimeControl "180+2"]
[EndTime "14:57:08 PDT"]
[Termination "Game drawn - insufficient material"]

1. d4 Nf6 2. Bg5 d5 3. Bxf6 exf6 4. e3 Bd6 5. c4 dxc4 6. Bxc4 c6 7. Nc3 O-O 8. Nge2 f5 9. O-O Nd7 10. Ng3 Nf6 11. Qf3 Bxg3 12. hxg3 Qd6 13. Bd3 g6 14. Qf4 Qe7 15. Rfe1 Kg7 16. e4 fxe4 17. Nxe4 Nxe4 18.
Bxe4 Be6 19. d5 cxd5 20. Bxd5 Qf6 21. Qxf6+ Kxf6 22. Bxe6 fxe6 23. Re4 Rfd8 24. Rae1 Rd6 25. Rf4+ Ke7 26. Rc1 Rad8 27. Rh4 Rd1+ 28. Rxd1 Rxd1+ 29. Kh2 h5 30. g4 Rd2 31. gxh5 gxh5 32. Rb4 b6 33. f3 Kd6 34. a4 Kc6 35. Kh3 a6 36. g4 hxg4+ 37. fxg4 Kc5 38. Rb3 e5 39. g5 e4 40. g6 Rd3+ 41. Rxd3 exd3 42. g7 d2 43. g8=Q d1=Q 44. Qc8+ Kb4 45. Qxa6 Qf3+ 46. Kh2 Qf4+ 47. Kh3 Qf5+ 48. Kg3 Qe5+ 49. Kh3 Qh8+ 50. Kg3 Qg7+ 51. Kh3 Qh6+ 52. Kg3 Qg6+ 53. Kh3 Qf5+ 54. Kh4 Qf4+ 55.
Kh5 Qe5+ 56. Kh4 Qd4+ 57. Kg5 Qc5+ 58. Kf6 Kb3 59. Qb5+ Qxb5 60. axb5 Kc4 61. Ke5 Kxb5 62. Kd5 Kb4 63. Kc6 b5 64. b3 Kxb3 65. Kxb5 1/2-1/2

[Event "*** Titled Tuesday Blitz"]
[Site "Chess.com"]
[Date "2019.08.06"]
[Round "8"]
[White "Caisachess"]
[Black "Jahonas"]
[Result "1/2-1/2"]
[WhiteElo "2322"]
[BlackElo "2404"]
[TimeControl "180+2"]
[EndTime "14:57:18 PDT"]
[Termination "Game drawn by agreement"]

1. e4 c6 2. Nc3 d5 3. Nf3 Bg4 4.
h3 Bxf3 5. Qxf3 e6 6. exd5 cxd5 7. d4 Nf6 8. Bd3 Nc6 9. Ne2 Be7 10. c3 a6 11. O-O O-O 12. Ng3 e5 13. dxe5 Nxe5 14. Qe2 Nxd3 15. Qxd3 Re8 16. Be3 Qc7 17. Rad1 Rad8 18.
Nf5 Bf8 19. Bg5 Re6 20. Nd4 Rb6 21. Rd2 h6 22. Bh4 Qc4 23. b3 Qxd3 24. Rxd3 Rc8 25. Rfd1 Ne4 26. Ne2 Rbc6 27. Rxd5 Nxc3 28. Nxc3 Rxc3 29.
Rd7 R3c7 30. Rxc7 Rxc7 31. Rd8 g5 32. Bg3 Rc1+ 33. Kh2 Kg7 34. Be5+ f6 35. Bxf6+ Kxf6 36. Rxf8+ Kg6 37. Rb8 Rc2 38. Rxb7 Rxa2 39. f3 a5 40. Kg3 a4 41. bxa4 Rxa4 42. Rb2 Rc4 43. Kf2 Ra4 44. g4 Ra3 45. Kg3 Rc3 46. Rf2 h5 47. h4 hxg4 48.
Kxg4 gxh4 49. Kxh4 Kf5 50. Kg3 Rc8 51. Ra2 Rg8+ 52. Kf2 Re8 53. Ra5+ Re5 54. Ra8 Rb5 55. Kg3 Rb4 56. Rf8+ Kg5 57. f4+ Kg6 58. Kg4 Ra4 59. Rc8 Kf6 60. Rc6+ Kf7 61. Kg5 Ra5+ 62. f5 Ra7 63.
Rh6 Kg7 64. Rb6 Rc7 65. Rg6+ Kf7 66. Rh6 Kg7 67. f6+ Kg8 68. Kg6 Rc1 69. Rh5 Rg1+ 70. Kf5 Kf7 71. Rh7+ Kf8 72. Rb7 Rf1+ 73. Ke6 Re1+ 74.
Kf5 Rf1+ 1/2-1/2

[Event "*** Titled Tuesday Blitz"]
[Site "Chess.com"]
[Date "2019.08.06"]
[Round "8"]
[White "I-Mesquita"]
[Black "albi1999"]
[Result "0-1"]
[WhiteElo "2674"]
[BlackElo "2505"]
[TimeControl "180+2"]
[EndTime "14:57:20 PDT"]
[Termination "albi1999 won by resignation"]

1. Nf3 d5 2. g3 Bg4 3. Bg2 Nd7 4. O-O c6 5. d4 e6 6. Nbd2 Ngf6 7. c3 Be7 8. Re1 O-O 9. e4 h6 10. h3 Bh5 11. Qb3 Qb6 12. e5 Ne8 13. Nf1 c5 14.
Be3 Nc7 15. g4 Bg6 16. Ng3 cxd4 17. cxd4 Qxb3 18. axb3 a6 19. Rec1 Rac8 20. Bf1 Nb8 21. h4 Nc6 22. h5 Bh7 23. Ne1 f6 24. f4 fxe5 25. fxe5 Bg5 26. Bxg5 hxg5 27. Ne2 Nb5 28. Rd1 Rf7 29. Bg2 Rcf8 30. Rd2 Rf2 31. Rad1 R2f7 32. Rc1 Rc8 33. Rc5 Rfc7 34. Nf3 Be4 35. Nxg5 Ncxd4 36. Rxc7 Nxe2+ 37. Rxe2 Rxc7 38. Bxe4 dxe4 39. Nxe6 Re7 40.
Nc5 Rxe5 41. Nxe4 Nd4 42. Re3 Nxb3 43. Kf2 Nc5 44. Nd6 Rd5 45. Nf5 Rd7 46. Nh4 Nd3+ 47.
Kg3 Nxb2 48. Re8+ Kf7 49. Rb8 Nc4 50. Ng6 a5 51. g5 a4 52. Kf4 a3 53. Ra8 Rd2 54.
Kf5 Rf2+ 55. Ke4 a2 56. Nh8+ Ke7 57. Ng6+ Kd7 58. h6 gxh6 59. gxh6 Rh2 60. Nf4 b6 61. Ra7+ Kc6 62. Ne6 Na5 63. Nd4+ Kc5 64. Rc7+ Kb4 65. Rc1 Rxh6 66. Kd3 Rh3+ 67. Kd2 Rh4 68. Nc2+ Kb3 69. Ne3 Rd4+ 70. Ke2 Nc4 71. Nc2 Rd2+ 72. Ke1 Rxc2 73. Ra1 Kb2 74. Rd1 Rc1 0-1